 Dungeon Crawl Stone Soup version 0.31-a0-263-ge8cad7f256 (webtiles) character file.

Game seed: 14669106317639259892

500 qw the Shooter (level 6, -4/52 HPs)
             Began as a Minotaur Hexslinger on July 13, 2023.
             Slain by an iguana (6 damage)
             ... on level 4 of the Dungeon.
             The game lasted 00:01:28 (2654 turns).

qw the Shooter (Minotaur Hexslinger)                Turns: 2654, Time: 00:01:28

Health: -4/52      AC:  6    Str:  9 (12) XL:     6   Next: 94%
Magic:  6/6        EV: 15    Int: 10      God:
Gold:   144        SH:  0    Dex: 12 (15) Spells: 6/7 levels left

rFire   . . .        Y - +2 sling (freeze)
rCold   . . .        (no shield)
rNeg    . . .        b - +0 ring mail
rPois   .            (helmet restricted)
rElec   .            k - scarf {repulsion}
rCorr   .            g - +0 pair of gloves
SInv    .            (no boots)
Will    .....        (no amulet)
Stlth   +            j - +5 ring of evasion
HPRegen 0.28/turn    (no ring)
MPRegen 0.10/turn

%: repel missiles
@: about to teleport
A: horns 2, retaliatory headbutt
a: no special abilities


You were on level 4 of the Dungeon.
You visited 1 branch of the dungeon, and saw 4 of its levels.

You collected 144 gold pieces.


Innate Abilities, Weirdness & Mutations

You have a pair of horns on your head.
You reflexively headbutt those who attack you in melee.


   Skills:
 - Level 4.0 Fighting
 + Level 7.3 Ranged Weapons
 - Level 1.1 Armour
 - Level 2.1 Dodging
 - Level 1.0 Spellcasting
 - Level 2.0 Hexes


You had 6 spell levels left.
You knew the following spells:

 Your Spells              Type           Power      Damage    Failure   Level
a - Slow                  Hex            16%        N/A       38%         1

Your spell library contained the following spells:

 Spells                   Type           Power      Damage    Failure   Level
 Inner Flame              Hex/Fire       2%         N/A       88%         3
 Portal Projectile        Hex/Tloc       4%         N/A       88%         3
 Cause Fear               Hex            2%         N/A       99%         4

Inventory:

Hand Weapons
 Y - a +2 sling of freezing (weapon)
Armour
 b - a +0 ring mail (worn)
 g - a +0 pair of gloves (worn)
 k - a scarf of repulsion (worn)
 l - a +0 cloak
Jewellery
 j - a +5 ring of evasion (left hand)
Scrolls
 d - a scroll of identify
 e - a scroll of revelation {unknown}
Potions
 a - a potion of curing
 c - a potion of heal wounds
 i - a potion of enlightenment
 m - a potion of mutation {unknown}
 n - 2 potions of haste {unknown}

Dungeon Overview and Level Annotations

Branches:
Dungeon (4/15)
 Temple: D:4-7

Altars:

Shops:
D:3 (


Message History

You shoot a sling bullet.
The sling bullet closely misses the bullfrog.
The sling bullet hits the orc!
The sling bullet freezes the orc.
You kill the orc!
The bullfrog is no longer moving slowly.
Something hits you but does no damage. The iguana barely misses you.
The kobold barely misses you.
The bullfrog snags a nearby blue-tailed skink with its tongue.
The bullfrog misses you.
You shoot a sling bullet. The sling bullet hits the bullfrog.
The sling bullet freezes the bullfrog.
You kill the bullfrog!
Something hits you.
The orc priest looks satisfied for a moment.
The iguana closely misses you. You furiously retaliate!
You headbutt the iguana! The kobold misses you.
You shoot a sling bullet.
The sling bullet closely misses the iguana.
Something hits you.
The orc priest mumbles some strange prayers to Beogh against you.
Beogh smites you! The iguana bites you. The kobold barely misses you.
You furiously retaliate!
You headbutt the kobold!
You kill the kobold!
You shoot a sling bullet. The sling bullet hits the iguana.
The iguana seems to slow down.
The sling bullet freezes the iguana.
The iguana is severely wounded.
Something closely misses you. The iguana barely misses you.
The orc priest hits you with a +0 hand axe.
The orc hits you but does no damage. Something hits you.
You shoot a sling bullet.
The sling bullet closely misses the iguana.
The iguana bites you! The orc closely misses you.
The orc priest closely misses you. You furiously retaliate!
You headbutt the orc priest. The orc priest hits you with a +0 club.
Something hits you.
2654 ||| READING scroll of teleportation.
As you read the scroll of teleportation, it crumbles to dust.
You feel strangely unstable. Something hits you but does no damage.
The iguana bites you.
You die...

. ##.. #....
##..... ##.......
#####l)......
##.#..@o)...#
####.....oo......
##.#..............
#.........#.......
#.###########.....
##.# ..#.# #..# ##
# #.#### ~##
#.#..##~~# ..#


You could see an iguana (slow), 2 orc priests and an orc.

Vanquished Creatures
  Sigmund (D:2)
  A bullfrog (D:4)
  A hound (D:4)
  A sleepcap (D:3)
  Jessica (D:2)
  Ijyb (D:3)
  Terence (D:3)
  Robin (D:2)
  5 adders
  A worm (D:2)
  7 orcs
  12 ball pythons
  5 bats
  4 endoplasms
  12 goblins
  9 hobgoblins
  8 jackals (D:1)
  A quokka (D:1)
  4 frilled lizards
  5 kobolds
  3 rats
84 creatures vanquished.

Notes
Turn   | Place    | Note
-------+----------+-------------------------------------------
     0 | D:1      | qw the Minotaur Hexslinger began the quest for the Orb.
     0 | D:1      | Reached XP level 1. HP: 16/16 MP: 1/1
     0 | D:1      | 0 ||| qw: Version: 0.3-a-52-g30416fa
     0 | D:1      | 0 ||| qw: Game counter: 7521
     0 | D:1      | 0 ||| qw: Melee chars always use a shield: true
     0 | D:1      | 0 ||| qw: God list: Okawaru
     0 | D:1      | 0 ||| qw: Allow faded altars: false
     0 | D:1      | 0 ||| qw: Do Orc after clearing Dungeon:15 true
     0 | D:1      | 0 ||| qw: Do second Lair branch before Depths: true
     0 | D:1      | 0 ||| qw: Lair rune preference: random
     0 | D:1      | 0 ||| qw: Goals: Normal
     0 | D:1      | 0 ||| PLANNING D:1-11
    67 | D:1      | Reached skill level 3 in Ranged Weapons
    67 | D:1      | Reached XP level 2. HP: 23/23 MP: 2/2
   342 | D:1      | Reached XP level 3. HP: 29/29 MP: 3/3
   569 | D:1      | 569 ||| UPGRADING to +0 pair of gloves.
   574 | D:1      | 574 ||| UPGRADING to scarf of repulsion.
   579 | D:1      | 579 ||| DROPPING ring of wizardry.
   580 | D:1      | 580 ||| UPGRADING to +5 ring of evasion.
   581 | D:1      | 581 ||| READING scroll labelled USOOCW LIRCHAT.
   582 | D:1      | 582 ||| READING 2 scrolls labelled CYWEUT RIYLOERGH.
   583 | D:1      | 583 ||| READING scroll labelled LESONUYFOR.
   584 | D:1      | 584 ||| DROPPING scroll of poison.
   585 | D:1      | 585 ||| DROPPING scroll of immolation.
   689 | D:2      | Noticed Jessica
   692 | D:2      | Killed Jessica
   693 | D:2      | Reached skill level 4 in Ranged Weapons
   693 | D:2      | Reached XP level 4. HP: 36/36 MP: 4/4
   735 | D:2      | Noticed Robin
   740 | D:2      | 740 ||| FLEEEEING.
   754 | D:2      | Killed Robin
   755 | D:2      | 755 ||| FLEEEEING.
   756 | D:2      | 756 ||| FLEEEEING.
   757 | D:2      | 757 ||| FLEEEEING.
   758 | D:2      | 758 ||| FLEEEEING.
   759 | D:2      | 759 ||| FLEEEEING.
   760 | D:2      | 760 ||| FLEEEEING.
   761 | D:2      | 761 ||| FLEEEEING.
   762 | D:2      | 762 ||| FLEEEEING.
   763 | D:2      | 763 ||| FLEEEEING.
   764 | D:2      | 764 ||| FLEEEEING.
   766 | D:2      | 766 ||| FLEEEEING.
   767 | D:2      | 767 ||| FLEEEEING.
   768 | D:2      | 768 ||| FLEEEEING.
   769 | D:2      | 769 ||| FLEEEEING.
   770 | D:2      | 770 ||| FLEEEEING.
   771 | D:2      | 771 ||| FLEEEEING.
   772 | D:2      | 772 ||| FLEEEEING.
   773 | D:2      | 773 ||| FLEEEEING.
   774 | D:2      | 774 ||| FLEEEEING.
   775 | D:2      | 775 ||| FLEEEEING.
   776 | D:2      | 776 ||| FLEEEEING.
   777 | D:2      | 777 ||| FLEEEEING.
   901 | D:2      | Noticed Sigmund
   923 | D:2      | Killed Sigmund
   924 | D:2      | Reached skill level 6 in Ranged Weapons
   924 | D:2      | Reached XP level 5. HP: 30/41 MP: 5/5
  1325 | D:2      | 1325 ||| UPGRADING to +0 ring mail.
  1335 | D:2      | 1335 ||| DROPPING +0 robe.
  1336 | D:2      | 1336 ||| READING scroll labelled BIGRIZ ONTAE.
  1498 | D:3      | Reached XP level 6. HP: 48/48 MP: 6/6
  1605 | D:3      | Reached skill level 1 in Armour
  1731 | D:3      | Found Gusala's Antique Weapon Boutique.
  1745 | D:3      | 1745 ||| SHOPLISTING runed orcbow (195 gold, have 72).
  1760 | D:3      | Noticed Ijyb
  1776 | D:3      | Killed Ijyb
  1777 | D:3      | 1777 ||| FLEEEEING.
  1780 | D:3      | 1780 ||| FLEEEEING.
  1781 | D:3      | 1781 ||| FLEEEEING.
  1782 | D:3      | 1782 ||| FLEEEEING.
  1783 | D:3      | 1783 ||| FLEEEEING.
  1784 | D:3      | 1784 ||| FLEEEEING.
  1785 | D:3      | 1785 ||| FLEEEEING.
  1790 | D:3      | 1790 ||| FLEEEEING.
  1791 | D:3      | 1791 ||| FLEEEEING.
  1792 | D:3      | 1792 ||| FLEEEEING.
  1793 | D:3      | 1793 ||| FLEEEEING.
  1794 | D:3      | 1794 ||| FLEEEEING.
  1795 | D:3      | 1795 ||| FLEEEEING.
  1796 | D:3      | 1796 ||| FLEEEEING.
  1798 | D:3      | 1798 ||| FLEEEEING.
  1803 | D:3      | 1803 ||| FLEEEEING.
  1804 | D:3      | 1804 ||| FLEEEEING.
  1805 | D:3      | 1805 ||| FLEEEEING.
  1806 | D:3      | 1806 ||| FLEEEEING.
  1807 | D:3      | 1807 ||| FLEEEEING.
  1818 | D:3      | 1818 ||| FLEEEEING.
  1821 | D:3      | 1821 ||| FLEEEEING.
  1825 | D:3      | 1825 ||| FLEEEEING.
  1826 | D:3      | 1826 ||| FLEEEEING.
  1827 | D:3      | 1827 ||| FLEEEEING.
  1831 | D:3      | 1831 ||| FLEEEEING.
  1832 | D:3      | 1832 ||| FLEEEEING.
  1833 | D:3      | 1833 ||| FLEEEEING.
  1834 | D:3      | 1834 ||| FLEEEEING.
  1836 | D:3      | 1836 ||| FLEEEEING.
  1837 | D:3      | 1837 ||| FLEEEEING.
  1838 | D:3      | 1838 ||| FLEEEEING.
  1839 | D:3      | 1839 ||| FLEEEEING.
  1840 | D:3      | 1840 ||| FLEEEEING.
  1841 | D:3      | 1841 ||| FLEEEEING.
  1842 | D:3      | 1842 ||| FLEEEEING.
  1843 | D:3      | 1843 ||| FLEEEEING.
  1846 | D:3      | 1846 ||| FLEEEEING.
  1847 | D:3      | 1847 ||| FLEEEEING.
  1848 | D:3      | 1848 ||| FLEEEEING.
  1849 | D:3      | 1849 ||| FLEEEEING.
  1850 | D:3      | 1850 ||| FLEEEEING.
  1851 | D:3      | 1851 ||| FLEEEEING.
  1852 | D:3      | 1852 ||| FLEEEEING.
  1853 | D:3      | 1853 ||| FLEEEEING.
  1854 | D:3      | 1854 ||| FLEEEEING.
  1855 | D:3      | 1855 ||| FLEEEEING.
  1856 | D:3      | 1856 ||| FLEEEEING.
  1859 | D:3      | 1859 ||| STAIRDANCE
  1899 | D:2      | 1899 ||| READING scroll labelled VAOLEPR FOFROR.
  1900 | D:2      | 1900 ||| READING scroll labelled ILLUIT JEQED.
  1901 | D:2      | 1901 ||| READING scroll labelled SEL MIFIOSEUNU.
  1906 | D:2      | 1906 ||| DRINKING 3 golden potions.
  1907 | D:2      | 1907 ||| DROPPING 2 potions of degeneration.
  2039 | D:3      | Reached skill level 3 in Fighting
  2427 | D:3      | Noticed Terence
  2433 | D:3      | Killed Terence
  2502 | D:3      | 2502 ||| READING scroll labelled SODETE SEURE.
  2503 | D:3      | 2503 ||| DRINKING 2 fizzy blue potions.
  2504 | D:3      | 2504 ||| DRINKING 2 lumpy sapphire potions.
  2505 | D:3      | 2505 ||| READING 3 scrolls of identify.
  2505 | D:3      | 2505 ||| IDENTIFYING white potion
  2506 | D:3      | 2506 ||| READING 2 scrolls of identify.
  2506 | D:3      | 2506 ||| IDENTIFYING purple potion
  2507 | D:3      | 2507 ||| DROPPING potion of attraction.
  2548 | D:4      | 2548 ||| PLANNING SEWER
  2645 | D:4      | Reached skill level 7 in Ranged Weapons
  2648 | D:4      | 2648 ||| DRINKING 2 potions of curing.
  2648 | D:4      | 2648 ||| (to cure confusion)
  2653 | D:4      | HP: 8/52 [iguana (10)]
  2653 | D:4      | HP: 2/52 [something (2)]
  2654 | D:4      | 2654 ||| READING scroll of teleportation.
  2654 | D:4      | Slain by an iguana

Levels and vault maps discovered:
D:1:      dpeg_arrival_radiant, layout_rooms
D:2:      layout_loops_ring, minmay_misc_feat_cross, uniq_sigmund, uniq_jessica,
          uniq_robin
D:3:      minmay_bubble_buster, layout_loops_corners, serial_shops,
          nicolae_shop_overgrown_old_shop, uniq_ijyb, uniq_terence
D:4:      layout_cave_pools, gup_sewer_entry_pipe, chequers_big_river

Skill      XL: |  1  2  3  4  5  6 |
---------------+-------------------+-----
Ranged Weapons | 3 4 6 7 |  7.3
Fighting       | 2 4 |  4.0
Armour         | 1 |  1.1
Dodging        | |  2.1
Spellcasting   | |  1.0
Hexes          | |  2.0

Action                     |  1- 3 |  4- 6 || total
---------------------------+-------+-------++-------
   Fire: Sling             |    92 |   182 ||   274
    Use: Scroll            |     3 |     8 ||    11
         Potion            |       |     4 ||     4
 Armour: Robe              |     7 |       ||     7
         Ring mail         |       |    30 ||    30
  Dodge: Dodged            |    25 |   108 ||   133
         Repelled          |       |     1 ||     1

Table legend:
 A = Non-vault XP
 B = Vault XP
 C = Vault XP percentage of total XP
 D = Non-vault monster count
 E = Vault monster count
 F = Vault count percentage of total count
                 A         B        C        D         E       F
            +---------+---------+-------+---------+---------+-------
      Total |     288 |     427 |  59.7 |      61 |      23 |  27.4
            +---------+---------+-------+---------+---------+-------
        D:1 |      61 |       0 |   0.0 |      34 |       0 |   0.0
        D:2 |      22 |     290 |  92.9 |       5 |      12 |  70.6
        D:3 |      51 |     137 |  72.9 |      15 |      11 |  42.3
        D:4 |     154 |       0 |   0.0 |       7 |       0 |   0.0
            +---------+---------+-------+---------+---------+-------
